 Dungeon Crawl Stone Soup version 0.30-a0-956-gcec3b41aec (webtiles) character file.

Game seed: 1467738896720789185

83 Demosthentine the Poker (level 4, -2/34 HPs)
             Began as a Demonspawn Gladiator on Mar 30, 2023.
             Frozen to death by an endoplasm (5 damage)
             ... on level 2 of the Dungeon.
             The game lasted 00:01:29 (1350 turns).

Demosthentine the Poker (Demonspawn Gladiator)      Turns: 1350, Time: 00:01:30

Health: -2/34      AC:  0    Str: 16    XL:     4   Next: 22%
Magic:  4/4        EV: 12    Int:  9    God:
Gold:   130        SH:  0    Dex: 15    Spells: 3/3 levels left

rFire   . . .      SeeInvis .    a - +0 trident
rCold   . . .      Faith    .    (no shield)
rNeg    . . .      Spirit   .    b - +0 leather armour
rPois   .          Reflect  .    c - +0 helmet
rElec   .          Rampage  .    (no cloak)
rCorr   .                        i - +0 pair of gloves
Will    .....                    (no boots)
Stlth   +                        (no amulet)
HPRegen 0.25/turn                (no ring)
MPRegen 0.18/turn                (no ring)

@: corroded
A: slimy green scales 1, magic regeneration
a: no special abilities


You were on level 2 of the Dungeon.
You visited 1 branch of the dungeon, and saw 4 of its levels.

You collected 130 gold pieces.

Inventory:

Hand Weapons
 a - a +0 trident (weapon)
Missiles
 d - 2 throwing nets (quivered)
 e - a javelin
Armour
 b - a +0 leather armour (worn)
 c - a +0 helmet (worn)
 i - a +0 pair of gloves (worn)
Jewellery
 k - a ring of positive energy
Scrolls
 f - 2 scrolls of identify
 g - a scroll of blinking
 h - 2 scrolls of teleportation
 l - a scroll of amnesia {unknown}


   Skills:
 + Level 2.7 Fighting
 + Level 3.3 Polearms
 - Level 1.7 Throwing
 + Level 1.5 Armour
 + Level 3.2 Dodging


You had 3 spell levels left.
You didn't know any spells.
Your spell library contained the following spells:

 Spells                   Type           Power      Damage    Failure   Level
 Summon Ice Beast         Ice/Summ       0%         N/A       99%         4
 Summon Mana Viper        Hex/Summ       0%         N/A       100%        5
 Monstrous Menagerie      Summ           0%         N/A       100%        7


Dungeon Overview and Level Annotations

Branches:
Dungeon (4/15)
 Temple: D:4-7

Altars:


Innate Abilities, Weirdness & Mutations

You are partially covered in slimy green scales. (AC +2)
You regenerate magic rapidly.


Message History

Press: ? - help, Dir - move target, f/p - jelly
Aim: a jelly (severely wounded, entangled in a net, about 2% to evade your +0 trident)
You reach to attack!
You hit the jelly.
You kill the jelly!
You have reached level 4!
You feel agile.
Your demonic ancestry asserts itself...
Your magic begins to regenerate rapidly.
You hit the endoplasm.
The endoplasm is almost dead.
The endoplasm misses you.
You hit the endoplasm but do no damage.
The endoplasm is almost dead.
The endoplasm freezes you.
You are frozen.
You hit the endoplasm.
You kill the endoplasm!
You hit the endoplasm.
The endoplasm is almost dead.
The endoplasm hits you.
You hit the endoplasm but do no damage.
The endoplasm is almost dead.
The endoplasm freezes you.
You are frozen.
* * * LOW HITPOINT WARNING * * *
You hit the endoplasm but do no damage.
The endoplasm is almost dead.
The endoplasm freezes you.
You are frozen.
* * * LOW HITPOINT WARNING * * *
You hit the endoplasm but do no damage.
The endoplasm is almost dead.
The endoplasm freezes you.
You are frozen.
* * * LOW HITPOINT WARNING * * *
The endoplasm closely misses you.
You hit the endoplasm but do no damage.
The endoplasm is almost dead.
The endoplasm freezes you.
You are frozen.
You die...

.##.#####.#.#.... ##...........##
.##.# #...# ## ###########.#.
.##.# ##### ### #.#. ..#.#
#######.##....÷(# #.#.
#.#)#####....#.#.#...P÷.# #.#...
#.#(#.##.....#.#.#....÷.# #.....
#...#.'......#'#)#JPPJ.P# #####.
###...'........#.#JJ....# ..###.
#...'........#@#PPPJP.# #.#..†
#...##...(...#J#......# #.#.##
#..####......##(...P..# #.#...
#..# ##########÷.....# #...##
#..######### ####### #.....
#..........################.###
#######..........................
....###...#####.#####.#######.###
..........# #.....##............


You could see an endoplasm.

Vanquished Creatures
  A jelly (D:2)
  A dart slug (D:1)
  3 ball pythons
  4 bats
  11 endoplasms
  3 giant cockroaches (D:1)
  4 goblins
  2 hobgoblins
  3 quokkas
  A frilled lizard (D:1)
  11 kobolds
  A rat (D:2)
45 creatures vanquished.

Vanquished Creatures (others)
  5 fungi (D:2)
  8 toadstools (D:2)
13 creatures vanquished.

Grand Total: 58 creatures vanquished

Notes
Turn   | Place    | Note
-------+----------+-------------------------------------------
     0 | D:1      | Demosthentine the Demonspawn Gladiator began the quest for
                  | the Orb.
     0 | D:1      | Reached XP level 1. HP: 16/16 MP: 1/1
   248 | D:1      | Gained mutation: You are partially covered in slimy green
                  | scales. (AC +2) [demonic ancestry]
   248 | D:1      | Reached XP level 2. HP: 22/22 MP: 2/2
   288 | D:1      | Found a faded altar of an unknown god.
   868 | D:2      | Reached skill level 1 in Armour
   944 | D:2      | Reached XP level 3. HP: 28/28 MP: 3/3
  1147 | D:2      | You fall into a shaft and drop 2 floors!
  1338 | D:2      | HP: 1/28 [acid (10)]
  1343 | D:2      | Gained mutation: You regenerate magic rapidly. [demonic
                  | ancestry]
  1343 | D:2      | Reached XP level 4. HP: 15/34 MP: 4/4
  1350 | D:2      | Frozen to death by an endoplasm

Illustrated notes

Levels and vault maps discovered:
D:1:      dpeg_arrival_tiny_a, layout_loops_corners,
          ebering_ecumenical_altar_petrified, minmay_pentomino_q2
D:2:      cheibrodos_fertilizer, layout_basic, basic_altar
D:3:      layout_loops_ring, grunt_temple_overflow_champion_of_chaos,
          lemuel_tele_altar, cheibrodos_worm_habitat,
          nicolae_qazlal_scattered_showers, serial_shops,
          nicolae_shop_hallway_plus
D:4:      layout_layer_cave, corexii_shack

Skill      XL: |  1  2 |
---------------+-------+-----
Dodging        | 3 |  3.2
Polearms       | 3 |  3.3
Armour         | 1 |  1.5
Fighting       | |  2.7
Throwing       | |  1.7

Action                     |  1- 3 |  4- 6 || total
---------------------------+-------+-------++-------
  Melee: Trident           |   132 |     8 ||   140
         Punch             |     1 |       ||     1
  Throw: Throwing net      |     1 |       ||     1
    Use: Scroll            |     6 |       ||     6
         Potion            |     1 |       ||     1
   Stab: Sleeping          |     5 |       ||     5
 Armour: Leather armour    |    44 |       ||    44
  Dodge: Dodged            |    68 |     2 ||    70

Table legend: (Time is in decaauts)
 A = Elapsed time spent in this place.
 B = Non-inter-level travel time spent in this place.
 C = Inter-level travel time spent in this place.
 D = Time resting spent in this place.
 E = Time spent auto-exploring this place.
 F = Levels seen in this place.
 G = Mean time per level.
                   A        B        C        D        E       F      G
               +--------+--------+--------+--------+--------+-----+--------+
         Total |   1371 |   1360 |     11 |      0 |   1030 |   4 |  342.8 |
       Dungeon |   1371 |   1360 |     11 |      0 |   1030 |   4 |  342.8 |
               +--------+--------+--------+--------+--------+-----+--------+

Top non-repeatable levels by time:
     D:1: 873 daAuts
     D:2: 380 daAuts
     D:4: 91 daAuts
     D:3: 25 daAuts
